AoeStats
← 戳中之霸 DY能兒

Hideout

509861102Analyzed
1v1 RM · 2d ago on Sep 28, 2026· 28m 43s· 2 players
Game mode
Random Map
Map size
Tiny (2 player)
Population
200
Speed
Normal
Resources
Standard
Victory
Conquest
Starting age
Dark Age
Ending age
Imperial Age
RankedLock teamsTeams togetherTeam positionsShared explorationLock speedFull tech treeHidden civsTurbo modeCheats
Victory
Defeat
🇸🇰 Japanese · Slovakia
1073
+16
🇹🇼 Khmer · Taiwan
1069
-16
戳中之霸 DY能兒
8:38 Loom
10:25 Feudal Age
14:33 Castle Age
13:40 Double-Bit Axe
15:56 Wheelbarrow
15:50 Gold Mining
17:01 Husbandry
17:21 Horse Collar
18:32 Loom
19:36 Scale Barding Armor
22:59 Forging
26:40 Crossbowman
27:14 Fletching
28:04 Bow Saw
28:01 Padded Archer Armor
28:32 Bloodlines
28:55 Bodkin Arrow
abcplay
10:35 Feudal Age
14:33 Castle Age
13:02 Double-Bit Axe
13:20 Horse Collar
16:01 Bow Saw
16:15 Squires
16:37 Arson
19:25 Pikeman
22:05 Scale Mail Armor
27:01 Gold Mining
26:59 Loom
Connection lost

Rejoining the realm…

Still unreachable

The connection could not be restored.

Session expired

The server has moved on; the page needs a fresh start.